AoeStats
← 神速デュバリィ

Black Forest

509544975Analyzed
2v2 RM · 4d ago on Sep 27, 2026· 41m 39s· 4 players
Game mode
Random Map
Map size
Medium (4 player)
Population
200
Speed
Normal
Resources
Standard
Victory
Conquest
Starting age
Dark Age
Ending age
Imperial Age
RankedLock teamsTeams togetherTeam positionsShared explorationLock speedFull tech treeHidden civsTurbo modeCheats
Victory
Defeat
🇺🇸 Bohemians · United States
1263
+19
🇨🇳 Goths · China
1194
+22
🇨🇳 Romans · China
1339
-21
1308
-20
Asgard
12:13 Feudal Age
16:01 Castle Age
13:52 Double-Bit Axe
13:49 Horse Collar
17:25 Bow Saw
17:58 Heavy Plow
20:35 Fervor
23:14 Fishing Lines
24:20 Wheelbarrow
28:37 Imperial Age
26:31 Scale Mail Armor
26:42 Forging
28:07 Chemistry
27:12 Squires
27:55 Hand Cart
28:20 Ballistics
28:20 Chain Mail Armor
29:04 Iron Casting
28:23 Fletching
28:05 Pikeman
29:58 Plate Mail Armor
30:04 Loom
30:28 Padded Archer Armor
30:50 Siege Engineers
30:14 Halberdier
32:24 Bodkin Arrow
34:11 Leather Archer Armor
35:32 Town Watch
37:16 Blast Furnace
37:25 Two-Man Saw
36:30 Arson
38:02 Ring Archer Armor
40:35 Houfnice
330609350
0:27 Loom
0:27 Loom
13:37 Feudal Age
13:50 Man-at-Arms
25:53 Castle Age
23:45 Horse Collar
23:59 Fletching
25:01 Double-Bit Axe
25:11 Gold Mining
25:39 Scale Mail Armor
25:58 Pikeman
30:38 Chain Mail Armor
32:48 Forging
34:10 Iron Casting
40:22 Imperial Age
38:15 Squires
39:32 Bodkin Arrow
42:07 Blast Furnace
40:59 Halberdier
神速デュバリィ
0:36 Loom
12:13 Feudal Age
15:25 Forging
16:22 Scale Barding Armor
17:11 Fletching
18:54 Double-Bit Axe
24:25 Castle Age
22:18 Horse Collar
23:50 Gold Mining
25:50 Chain Barding Armor
26:15 Fervor
27:57 Bow Saw
29:06 Stone Mining
29:45 Heavy Plow
30:58 Town Watch
34:01 Wheelbarrow
34:13 Bloodlines
39:27 Imperial Age
37:13 Hand Cart
37:03 Husbandry
37:44 Treadmill Crane
39:08 Iron Casting
40:39 Conscription
41:01 Plate Barding Armor
42:54 Chemistry
LEVI
0:51 Loom
11:46 Feudal Age
12:59 Double-Bit Axe
17:26 Castle Age
17:01 Fishing Lines
18:29 Bow Saw
20:20 Horse Collar
21:37 Heavy Plow
24:06 Man-at-Arms
25:12 Long Swordsman
25:56 Scale Mail Armor
27:17 Wheelbarrow
27:35 Chain Mail Armor
27:32 Forging
27:34 Squires
29:58 Gold Mining
33:03 Imperial Age
30:50 Hand Cart
32:09 Light Cavalry
33:00 Bloodlines
33:00 Scale Barding Armor
33:42 Gold Shaft Mining
34:20 Guilds
33:33 Legionary
34:38 Conscription
34:56 Husbandry
36:13 Chain Barding Armor
36:29 Iron Casting
36:45 Heavy Scorpion
Connection lost

Rejoining the realm…

Still unreachable

The connection could not be restored.

Session expired

The server has moved on; the page needs a fresh start.